AoeStats
← Kane19

Arabia

514282804Analyzed
1v1 RM · 12h ago on Oct 17, 2026· 46m 43s· 2 players
Game mode
Random Map
Map size
Tiny (2 player)
Population
200
Speed
Normal
Resources
Standard
Victory
Conquest
Starting age
Dark Age
Ending age
Imperial Age
RankedLock teamsTeams togetherTeam positionsShared explorationLock speedFull tech treeHidden civsTurbo modeCheats
Victory
Defeat
🇸🇮 Maya · Slovenia
1260
+17
vs
🇨🇳 Magyars · China
1286
-17
theROCKbrah
0:32 Loom
9:05 Feudal Age
9:36 Double-Bit Axe
14:44 Scale Mail Armor
15:50 Forging
18:36 Horse Collar
18:51 Gold Mining
21:36 Castle Age
19:47 Fletching
21:47 Pikeman
22:28 Squires
23:29 Chain Mail Armor
23:07 Eagle Warrior
26:44 Fervor
26:54 Sanctity
26:51 Heavy Plow
30:48 Wheelbarrow
31:14 Bodkin Arrow
33:26 Hand Cart
36:36 Imperial Age
37:30 Iron Casting
37:50 Plate Mail Armor
37:20 Bracer
36:56 Halberdier
38:14 Town Watch
39:49 Blast Furnace
43:56 Conscription
43:45 Elite Eagle Warrior
45:58 Holcans
48:10 Chemistry
Kane19
4:55 Loom
9:06 Feudal Age
9:42 Double-Bit Axe
12:10 Horse Collar
20:17 Castle Age
18:50 Scale Barding Armor
19:48 Bloodlines
20:47 Light Cavalry
22:08 Husbandry
23:16 Heavy Plow
24:23 Bow Saw
25:40 Chain Barding Armor
36:13 Wheelbarrow
35:25 Town Watch
38:41 Imperial Age
38:08 Gold Mining
38:08 Stone Mining
38:11 Town Watch
39:59 Plate Barding Armor
39:13 Hussar
40:43 Ballistics
42:01 Two-Man Saw
41:21 Thumb Ring
42:04 Fletching
42:15 Padded Archer Armor
42:49 Bodkin Arrow
45:21 Bracer
46:33 Leather Archer Armor
Connection lost

Rejoining the realm…

Still unreachable

The connection could not be restored.

Session expired

The server has moved on; the page needs a fresh start.